 Dungeon Crawl Stone Soup version 0.29-a0-100-g60f898f876 (webtiles) character file.

Game seed: 16726438960969771777

4 innerfire433 the Skirmisher (level 1, -6/18 HPs)
             Began as a Demonspawn Monk on Feb 14, 2022.
             Mangled by a gnoll (10 damage)
             ... on level 1 of the Dungeon.
             The game lasted 00:00:10 (92 turns).

innerfire433 the Skirmisher (Demonspawn Monk)         Turns: 92, Time: 00:00:11

Health: -6/18      AC:  2    Str: 11    XL:     1   Next: 50%
Magic:  1/1        EV: 13    Int: 11    God:
Gold:   16         SH:  0    Dex: 15    Spells: 0/0 levels left

rFire   . . .      SeeInvis .   a - +0 spear
rCold   . . .      Faith    .   (no shield)
rNeg    . . .      Spirit   .   b - +0 robe
rPois   .          Reflect  .   (no helmet)
rElec   .          Harm     .   (no cloak)
rCorr   .          Rampage  .   (no gloves)
Will    .....                   (no boots)
Stlth   ++........              (no amulet)
HPRegen 0.06/turn               (no ring)
MPRegen 0.07/turn               (no ring)

@: no status effects
A: no striking features
a: no special abilities


You were on level 1 of the Dungeon.
You visited 1 branch of the dungeon, and saw 1 of its levels.

You collected 16 gold pieces.

Inventory:

Hand Weapons
 a - a +0 spear (weapon)
Armour
 b - a +0 robe (worn)


   Skills:
 + Level 3.0 Fighting
 + Level 2.7 Polearms
 + Level 2.7 Dodging
 + Level 1.9 Stealth


You couldn't memorise any spells.
You didn't know any spells.
Your spell library was empty.

Dungeon Overview and Level Annotations

Branches:
Dungeon (1/15)

Altars:


Message History

A bat and a dart slug come into view.
Found a short sword.
The gnoll shouts!
You hit the bat.
The bat is moderately wounded.
The bat hits you. The giant cockroach barely misses you.
You barely miss the giant cockroach. The bat hits you but does no damage.
The giant cockroach barely misses you.
The dart slug briefly extends its eye-stalks.
You hit the bat.
The bat is severely wounded.
The bat closely misses you. The giant cockroach bites you.
The giant cockroach closely misses you.
You hit the giant cockroach.
The giant cockroach is severely wounded.
The bat closely misses you.
The giant cockroach completely misses you.
You closely miss the bat.
The bat is severely wounded.
The bat hits you but does no damage. The gnoll misses you.
The giant cockroach barely misses you.
You hit the giant cockroach.
You kill the giant cockroach!
The bat hits you but does no damage. The gnoll hits you with a +0 whip.
You hit the bat.
You kill the bat!
The gnoll misses you.
You hit the gnoll.
The gnoll is lightly wounded.
The gnoll hits you with a +0 whip!
* * * LOW HITPOINT WARNING * * *
You are too injured to fight recklessly!
You are too injured to fight recklessly!
You are too injured to fight recklessly!
You are too injured to fight recklessly!
You barely miss the gnoll.
The gnoll is lightly wounded.
The gnoll hits you with a +0 whip!
Ouch! That really hurt!
You die...

♣♣♣♣♣♣♣♣♣♣♣♣ ♣♣♣♣####
♣♣...♣♣.....♣♣........
♣.♣♣....♣....♣...♣....
♣...♣....♣♣....♣♣...⌠.
♣♣♣.♣.......♣...♣.......
..♣..♣...♣.............
♣♣♣.♣...♣..♣..♣♣.:..###
♣.♣♣)♣..♣♣.......gw##
.♣♣.♣♣......♣♣..@†.#
♣.♣.♣..♣...♣..♣....#
♣♣..♣.♣.♣..♣♣...♣...#
.♣.♣..♣..♣...♣.. ♣....
♣.♣♣..♣.. ♣..... ♣.....
..♣ ♣..♣. ♣...♣. ...⌠.
.♣♣ ♣... ...♣. ♣.)..
...♣ ♣♣...♣.... ....
♣♣♣♣ ♣♣


You could see a gnoll and a dart slug.

Vanquished Creatures
  A giant cockroach (D:1)
  A quokka (D:1)
  A bat (D:1)
  A goblin (D:1)
4 creatures vanquished.

Notes
Turn   | Place    | Note
-------+----------+-------------------------------------------
     0 | D:1      | innerfire433 the Demonspawn Monk began the quest for the
                  | Orb.
     0 | D:1      | Reached XP level 1. HP: 18/18 MP: 1/1
    92 | D:1      | Mangled by a gnoll

Illustrated notes

Levels and vault maps discovered:
D:1:      erik_arrival_cave_to_civilisation [erik_arrival_cave_to_hall],
          layout_basic

Action                   || total
-------------------------++-------
Melee: Spear             ||    18
Armor: Robe              ||     3
Dodge: Dodged            ||    15

Table legend: (Time is in decaauts)
 A = Elapsed time spent in this place.
 B = Non-inter-level travel time spent in this place.
 C = Inter-level travel time spent in this place.
 D = Time resting spent in this place.
 E = Time spent auto-exploring this place.
 F = Levels seen in this place.
 G = Mean time per level.
                   A        B        C        D        E       F      G
               +--------+--------+--------+--------+--------+-----+--------+
         Total |     91 |     91 |      0 |      0 |     67 |   1 |   91.0 |
       Dungeon |     91 |     91 |      0 |      0 |     67 |   1 |   91.0 |
               +--------+--------+--------+--------+--------+-----+--------+

Top non-repeatable levels by time:
     D:1: 91 daAuts
